 Dungeon Crawl Stone Soup version 0.29.1-4-g47bece8355 (webtiles) character file.

Game seed: 10544497598185937026

18 ChadusMaximus the Caller (level 2, 0/19 HPs)
             Began as a Human Summoner on Dec 6, 2022.
             Succumbed to an adder's poison
             ... on level 2 of the Dungeon.
             The game lasted 00:01:25 (1719 turns).

ChadusMaximus the Caller (Human Summoner)           Turns: 1719, Time: 00:01:26

Health: 0/19       AC:  2    Str:  8    XL:     2   Next: 90%
Magic:  13/14      EV: 12    Int: 15    God:
Gold:   78         SH:  0    Dex: 13    Spells: 4/5 levels left

rFire   + . .      SeeInvis .   c - +0 spear
rCold   + . .      Faith    .   (no shield)
rNeg    . . .      Spirit   .   a - +0 robe
rPois   +          Reflect  .   (no helmet)
rElec   +          Harm     .   (no cloak)
rCorr   +          Rampage  .   (no gloves)
Will    .....                   (no boots)
Stlth   ++........              (no amulet)
HPRegen 0.06/turn               k - ring of magical power
MPRegen 0.14/turn               (no ring)

@: lethally poisoned (0 -> -3), resistant, attractive
A: no striking features
a: no special abilities


You were on level 2 of the Dungeon.
You visited 1 branch of the dungeon, and saw 2 of its levels.

You collected 78 gold pieces.

Inventory:

Hand Weapons
 c - a +0 spear (weapon)
Armour
 a - a +0 robe (worn)
Jewellery
 k - a ring of magical power (left hand)
Scrolls
 f - 4 scrolls of identify {unknown}
 i - a scroll of torment {unknown}
 j - a scroll of poison {unknown}
Potions
 b - a potion of magic
 e - a potion of lignification {unknown}
 g - a potion of curing {unknown}
 h - a potion of attraction


   Skills:
 + Level 2.3 Dodging
 + Level 2.3 Stealth
 + Level 2.2 Spellcasting
 + Level 4.2 Summonings


You had 4 spell levels left.
You knew the following spells:

 Your Spells              Type           Power      Damage    Failure   Level
a - Summon Small Mammal   Summ           56%        N/A       3%          1

Your spell library contained the following spells:

 Spells                   Type           Power      Damage    Failure   Level
 Call Imp                 Summ           14%        N/A       6%          2
 Call Canine Familiar     Summ           14%        N/A       12%         3
 Summon Guardian Golem    Hex/Summ       8%         N/A       26%         3
 Portal Projectile        Hex/Tloc       2%         N/A       54%         3
 Summon Lightning Spire   Summ/Air       8%         N/A       65%         4
 Leda's Liquefaction      Hex/Erth       0%         N/A       91%         4


Dungeon Overview and Level Annotations

Branches:
Dungeon (2/15)

Altars:


Message History

Your quokka barely misses the goblin.
Your quokka bites the goblin but does no damage.
You hit the adder.
The adder is heavily wounded.
Your quokka barely misses the goblin.
The adder bites you.
You barely miss the adder.
The adder is heavily wounded.
The adder barely misses you.
Your quokka completely misses the goblin.
Your quokka bites the goblin.
The goblin misses your quokka. The adder bites you.
You are poisoned.
The adder poisons you!
Your quokka bites the goblin but does no damage.
You barely miss the adder.
The adder is heavily wounded.
You feel sick.
Your quokka bites the goblin but does no damage.
The adder misses you.
Your quokka bites the goblin.
The goblin dies!
Your quokka bites the adder.
Unknown command.
You miss the adder.
The adder is severely wounded.
You feel sick. The adder bites you.
* * * LOW HITPOINT WARNING * * *
Your quokka bites the adder.
Unknown command.
Okay, then.
It was a potion of attraction.
You feel attractive to monsters.
* * * LOW HITPOINT WARNING * * *
You feel sick. The adder bites your quokka.
Your quokka is poisoned.
The adder poisons your quokka!
Your quokka completely misses the adder.
Your quokka misses the adder. The adder closely misses your quokka.
It was a potion of resistance.
You feel protected.
You die...

...........................#
.....###.......##..........#
....##
#.......###.........## ...##
#.......# #........... ####
#.....<.# #..........#
#.......# ###.ยง..###.#
#..[....######........
#.......##.....#.#..#.
#......rS@.#####...##
......r#### .## #.#.#.. ##
....#. . ...#. #.# .. ... ..
). .#


You could see an adder (distracted, ally target) and 2 friendly quokkas.

Vanquished Creatures
  An endoplasm (D:2)
  A ball python (D:1)
  2 bats (D:1)
  A goblin (D:1)
  A kobold (D:1)
  3 rats (D:1)
9 creatures vanquished.

Vanquished Creatures (collateral kills)
  A dart slug (D:1)
  An endoplasm (D:1)
  2 goblins
  3 jackals (D:1)
  A rat (D:2)
8 creatures vanquished.

Grand Total: 17 creatures vanquished

Notes
Turn   | Place    | Note
-------+----------+-------------------------------------------
     0 | D:1      | ChadusMaximus the Human Summoner began the quest for the
                  | Orb.
     0 | D:1      | Reached XP level 1. HP: 13/13 MP: 3/3
   819 | D:1      | Reached XP level 2. HP: 19/19 MP: 1/5
  1719 | D:2      | Succumbed to an adder's poison

Illustrated notes

Levels and vault maps discovered:
D:1:      dpeg_arrival_circle_labyrinth_c, layout_basic
D:2:      layout_rooms, hellmonk_ecumenical_altar_watching_god

Action                   || total
-------------------------++-------
Melee: Spear             ||    58
 Cast: Summon Small Mamm ||    26
  Use: Potion            ||     2
Armor: Robe              ||    12
Dodge: Dodged            ||    31
